 Dungeon Crawl Stone Soup version 0.31.0-32-g396128a36d (webtiles) character file.

Game seed: 910739963719827240

722132 ChadusMaximus the Conqueror (level 27, -4/26 (199) HPs)
             Began as a Barachi Summoner on Mar 15, 2024.
             Was a High Priest of Hepliaklqana.
             Slain by a doom hound (7 damage)
             ... in the Vestibule of Hell.
             The game lasted 03:14:43 (117707 turns).

ChadusMaximus the Conqueror (Barachi Summoner)    Turns: 117707, Time: 03:14:48

HP:   -4/26 (199)   AC: 38    Str:  6 (11) XL:     27
MP:   29/45         EV: 10    Int: 30 (42) God:    Hepliaklqana [*****.]
Gold: 10813         SH:  9    Dex: 13 (14) Spells: 10/72 levels left

rFire   x . .        f - +13 sceptre of Asmodeus
rCold   . . .        W - +1 buckler {rN+}
rNeg    + + +        q - +2 chain mail {rN+}
rPois   +            d - +3 hat of Yhalah {rN+ Int+5}
rElec   .            w - +4 dragonskin cloak
rCorr   +            H - +2 pair of gloves {infuse}
SInv    +            B - +2 pair of boots
Will    ++...        V - amulet "Ocviotus" {RegenMP rF- rCorr SInv} Stlth
                     A - ring "Ibuikof" {Wiz rPois Int+4 Slay-2}
HPRegen 0.24/turn    P - +6 ring of intelligence
MPRegen 0.69/turn

%: wizardry (x1), infuse magic (1 MP)
@: calling dragons, doom-hounded, extremely drained, slow
A: reduced essence, amphibious, slowness 1, strong legs 2, +LOS, talons 1,
iridescent scales 1, frail 1, low MP 1, [deterioration 1], [inability to read
after injury 1]
}: 5/15 runes: decaying, serpentine, slimy, silver, obsidian
a: Hop, Renounce Religion, Recall Ancestor, Ancestor Identity, Transference,
Idealise


You were in the Vestibule of Hell.
You worshipped Hepliaklqana.
Hepliaklqana was extremely pleased with you.
You visited 16 branches of the dungeon, and saw 69 of its levels.
You visited 1 bazaar.
You also visited: Trove, Sewer, Bailey, Gauntlet and Ice Cave.

You collected 13365 gold pieces.
You spent 2552 gold pieces at shops.

Inventory:

Hand Weapons
 f - the +13 sceptre of Asmodeus (weapon)
   (You took it off Asmodeus on level 7 of Gehenna)

   Fire Summon: It may summon demons of flame and damnation when striking foes.
 G - the +4 scimitar "Dumac" {freeze, Stlth+}
   (You bought it in a shop on level 10 of the Dungeon)

   Stlth+:    It makes you more stealthy.
Armour
 d - the +3 hat of Yhalah (worn) {rN+ Int+5}
   (You acquired it on level 14 of the Dungeon)

   Int+5:     It affects your intelligence (+5).
   rN+:       It protects you from negative energy.
 m - the +5 ring mail of the Curious Demons {MP+9 Dex+4}
   (You found it on level 3 of the Dungeon)

   Dex+4:     It affects your dexterity (+4).
   MP+9:      It affects your magic capacity (+9).
 q - a +2 chain mail of positive energy (worn)
 w - the +4 dragonskin cloak (worn)
   (You took it off Tiamat on level 3 of the Realm of Zot)

   Avatar's Aegis: It grants the wearer a chance to resist fire, cold, poison,
   electricity, acid, and negative energy.
 y - a +0 kite shield of fire resistance
 B - a +2 pair of boots (worn)
 E - the +1 cloak of Webreare {rElec rC++ SInv Stlth-}
   (You found it in a bailey)

   rC++:      It greatly protects you from cold.
   rElec:     It insulates you from electricity.
   SInv:      It lets you see invisible.
   Stlth-:    It makes you less stealthy.
 H - a +2 pair of gloves of infusion (worn)
 L - the +13 plate armour "Ulyuxt" {rElec rPois rCorr Int+2}
   (You found it in a treasure trove)

   Int+2:     It affects your intelligence (+2).
   rElec:     It insulates you from electricity.
   rPois:     It protects you from poison rCorr: It protects you from acid and
   corrosion.
 N - a +4 chain mail of fire resistance
 W - a +1 buckler of positive energy (worn)
Jewellery
 A - the ring "Ibuikof" (left hand) {Wiz rPois Int+4 Slay-2}
   (You took it off a deep elf annihilator on level 3 of the Elven Halls)

   [ring of wizardry]

   Wiz:       It improves your spell success rate.
   Int+4:     It affects your intelligence (+4).
   Slay-2:    It affects your accuracy & damage with ranged weapons and melee
   (-2).
   rPois:     It protects you from poison
 I - the amulet "Zadghun" {RegenMP *Corrode rElec Str+2}
   (You found it in a treasure trove)

   [amulet of magic regeneration]

   RegenMP:   It increases your rate of magic regeneration.
   Str+2:     It affects your strength (+2).
   rElec:     It insulates you from electricity.
   *Corrode:  It may corrode you when you take damage.
 M - a ring of protection from fire
 P - a +6 ring of intelligence (right hand)
 S - a +4 ring of slaying
 T - the amulet of the Air {Inacc Air Fly rElec RMsl}
   (You bought it in a shop in a bazaar)

   [amulet of nothing]

   Inacc:     It reduces the accuracy of your attacks and spells.
   Air:       It enhances your air magic.
   rElec:     It insulates you from electricity.
   Fly:       It grants you flight.
   RMsl:      It protects you from missiles.
 V - the amulet "Ocviotus" (around neck) {RegenMP rF- rCorr SInv}
   (You took it off a minotaur in a Gauntlet)

   [amulet of magic regeneration]

   RegenMP:   It increases your rate of magic regeneration.
   rF-:       It makes you vulnerable to fire.
   SInv:      It lets you see invisible.
   rCorr:     It protects you from acid and corrosion.
 Y - a ring of protection from cold
Wands
 R - a wand of digging (6)
Scrolls
 e - 5 scrolls of blinking
 j - 9 scrolls of enchant weapon
 k - 19 scrolls of teleportation
 l - 15 scrolls of fog
 o - 10 scrolls of poison
 p - 15 scrolls of enchant armour
 x - 9 scrolls of noise
 z - 7 scrolls of fear
 C - 9 scrolls of vulnerability
 D - 5 scrolls of amnesia
 F - 2 scrolls of silence
 K - 8 scrolls of brand weapon
 O - 13 scrolls of immolation
 X - 4 scrolls of torment
 Z - a scroll of summoning
Potions
 a - 3 potions of berserk rage
 b - 9 potions of magic
 c - 9 potions of enlightenment
 g - 3 potions of ambrosia
 h - 19 potions of curing
 n - 10 potions of attraction
 r - 7 potions of might
 s - 4 potions of cancellation
 t - 12 potions of haste
 u - 5 potions of invisibility
 v - 3 potions of resistance
 J - 6 potions of lignification
 Q - 5 potions of brilliance
 U - 6 potions of heal wounds
Miscellaneous
 i - a box of beasts


   Skills:
 O Level 27 Fighting
 - Level 15.0 Long Blades
 - Level 24.8 Armour
 - Level 25.2 Dodging
 - Level 1.7 Stealth
 - Level 15.8 Shields
 + Level 23.4 Spellcasting
 + Level 25.9 Summonings
 - Level 7.3 Invocations


You had 10 spell levels left.
You knew the following spells:

 Your Spells              Type           Power      Damage    Failure   Level
a - Monstrous Menagerie   Summ           56%        N/A       1%          7
b - Malign Gateway        Summ/Tloc      42%        N/A       24%         7
c - Haunt                 Necr/Summ      42%        N/A       24%         7
d - Summon Lightning Spi  Summ/Air       85%        N/A       1%          4
e - Summon Cactus Giant   Summ           56%        N/A       1%          6
f - Summon Forest         Summ/Tloc      42%        N/A       1%          5
g - Summon Mana Viper     Hex/Summ       85%        N/A       1%          5
h - Summon Horrible Thin  Summ           56%        N/A       1%          8
i - Martyr's Knell        Necr/Summ      85%        N/A       1%          4
j - Dragon's Call         Summ           56%        N/A       14%         9

Your spell library contained the following spells:

 Spells                   Type           Power      Damage    Failure   Level
 Summon Small Mammal      Summ           100%       N/A       0%          1
 Call Imp                 Summ           100%       N/A       0%          2
 Call Canine Familiar     Summ           100%       N/A       0%          3
 Summon Ice Beast         Ice/Summ       85%        N/A       1%          3
 Animate Armour           Summ/Erth      100%       N/A       1%          4
 Summon Blazeheart Golem  Fire/Summ      85%        N/A       1%          4
 Summon Hydra             Summ           56%        N/A       1%          7
 Apportation              Tloc           70%        N/A       6%          1
 Foxfire                  Conj/Fire      100%       2x1d9     6%          1
 Freeze                   Ice            100%       1d10      6%          1
 Magic Dart               Conj           100%       1d8       6%          1
 Necrotise                Necr           100%       1d9       6%          1
 Sandblast                Erth           70%        2d15      6%          1
 Shock                    Conj/Air       100%       1d9       6%          1
 Slow                     Hex            100%       N/A       6%          1
 Sting                    Conj/Alch      100%       1d9       6%          1
 Blink                    Tloc           70%        N/A       9%          2
 Cigotuvi's Dreadful Rot  Necr/Alch/Air  70%        N/A       9%          2
 Ensorcelled Hibernation  Hex/Ice        70%        N/A       9%          2
 Jinxbite                 Hex            70%        N/A       9%          2
 Lesser Beckoning         Tloc           70%        N/A       9%          2
 Mercury Vapours          Alch/Air       70%        N/A       9%          2
 Momentum Strike          Conj/Tloc      70%        3d9       9%          2
 Scorch                   Fire           70%        2d7       9%          2
 Searing Ray              Conj           70%        2d7       9%          2
 Static Discharge         Conj/Air       70%        3-6/arc   9%          2
 Sublimation of Blood     Necr           35%        N/A       9%          2
 Confusing Touch          Hex            35%        N/A       16%         3
 Dazzling Flash           Conj/Hex       70%        N/A       16%         3
 Frozen Ramparts          Ice            70%        1d11      16%         3
 Fugue of the Fallen      Necr           35%        N/A       16%         3
 Gell's Gravitas          Tloc           35%        N/A       16%         3
 Hailstorm                Conj/Ice       35%        3d8       16%         3
 Inner Flame              Hex/Fire       35%        N/A       16%         3
 Mephitic Cloud           Conj/Alch/Air  35%        N/A       16%         3
 Ozocubu's Armour         Ice            35%        N/A       16%         3
 Passwall                 Erth           35%        N/A       16%         3
 Sigil of Binding         Hex            35%        N/A       16%         3
 Stone Arrow              Conj/Erth      70%        3d11      16%         3
 Swiftness                Air            35%        N/A       16%         3
 Teleport Other           Tloc           35%        N/A       16%         3
 Tukima's Dance           Hex            35%        N/A       16%         3
 Vampiric Draining        Necr           35%        2d8       16%         3
 Volatile Blastmotes      Fire/Tloc      70%        2d15      16%         3
 Airstrike                Air            17%        2d(3-19)  45%         4
 Anguish                  Hex/Necr       17%        N/A       45%         4
 Animate Dead             Necr           35%        N/A       45%         4
 Brom's Barrelling Bould  Conj/Erth      35%        2d5       45%         4
 Cause Fear               Hex            17%        N/A       45%         4
 Dimensional Bullseye     Hex/Tloc       17%        N/A       45%         4
 Dispel Undead            Necr           35%        3d15      45%         4
 Flame Wave               Conj/Fire      35%        2d10      45%         4
 Fulminant Prism          Conj/Alch      17%        3d10      45%         4
 Ignite Poison            Fire/Alch      35%        N/A       45%         4
 Iskenderun's Mystic Bla  Conj/Tloc      35%        2d8       45%         4
 Manifold Assault         Tloc           35%        N/A       45%         4
 Petrify                  Alch/Erth      35%        N/A       45%         4
 Sticky Flame             Fire/Alch      35%        2d7       45%         4
 Vhi's Electric Charge    Tloc/Air       70%        N/A       45%         4
 Alistair's Intoxication  Alch           23%        N/A       80%         5
 Arcjolt                  Conj/Air       17%        1d27      80%         5
 Borgnjor's Vile Clutch   Necr/Erth      17%        N/A       80%         5
 Fireball                 Conj/Fire      17%        3d9       80%         5
 Freezing Cloud           Conj/Ice/Air   17%        6-21      80%         5
 Irradiate                Conj/Alch      17%        3d17      80%         5
 Metabolic Englaciation   Hex/Ice        17%        N/A       80%         5
 Yara's Violent Unravell  Hex/Alch       17%        3d8       80%         5
 Bombard                  Conj/Erth      17%        9d4       100%        6
 Conjure Ball Lightning   Conj/Air       17%        3x3d6     100%        6
 Death Channel            Necr           17%        N/A       100%        6
 Dispersal                Tloc           17%        N/A       100%        6
 Eringya's Noxious Bog    Alch           17%        4d6       100%        6
 Plasma Beam              Fire/Air       17%        2x1d29    100%        6
 Sculpt Simulacrum        Ice/Alch       17%        N/A       100%        6
 Starburst                Conj/Fire      17%        6d6       100%        6
 Enfeeble                 Hex            17%        N/A       100%        7
 Ozocubu's Refrigeration  Ice            17%        4d11      100%        7
 Discord                  Hex            17%        N/A       100%        8
 Disjunction              Tloc           17%        N/A       100%        8
 Ignition                 Fire           17%        3d7       100%        8
 Infestation              Necr           17%        N/A       100%        8
 Lehudib's Crystal Spear  Conj/Erth      17%        10d5      100%        8
 Maxwell's Capacitive Co  Air            17%        ∞         100%        8
 Chain Lightning          Conj/Air       17%        3d23      100%        9
 Fire Storm               Conj/Fire      17%        8d5       100%        9
 Polar Vortex             Ice            17%        12d2*     100%        9
 Shatter                  Erth           17%        3d16*     100%        9


Dungeon Overview and Level Annotations

Branches:
Dungeon (15/15)            Temple (1/1) D:6            Lair (5/5) D:8
  Swamp (4/4) Lair:2        Snake (4/4) Lair:2        Slime (5/5) Lair:4
    Orc (2/2) D:11            Elf (3/3) Orc:2        Vaults (5/5) D:13
  Crypt (3/3) Vaults:2       Tomb (1/3) Crypt:3      Depths (4/4) D:15
   Hell (1/1)                 Dis (0/7) Hell            Geh (7/7) Hell
    Coc (0/7) Hell            Tar (5/7) Hell            Zot (4/5) Depths:4
  Sewer (visited)          Bailey (visited)           IceCv (visited)
Gauntlet (visited)

Altars:
Ashenzari
Cheibriados
Dithmenos
Elyvilon
Fedhas
Gozag
Hepliaklqana
Kikubaaqudgha
Makhleb
Nemelex Xobeh
Okawaru
Qazlal
Ru
Sif Muna
Trog
Uskayaw
Vehumet
Wu Jian
Xom
Yredelemnul
Zin
The Shining One
Jiyva
Lugonu

Shops:
D:1 *   D:3 !   D:6 (   D:8 !   D:10 (   D:14 !((   D:15 :   Orc:2 ([*[
Elf:3 *   Snake:4 [!   Vaults:1 ==(*

Portals:
Hell: Depths:1 Depths:2 Depths:3 Depths:4
Abyss: Depths:3 Depths:4
Pandemonium: Depths:2 Depths:3* Depths:4
Ziggurat: Depths:3

Annotations:
D:4 2 transporters, Marvel's ghost, amateur HOFi


Innate Abilities, Weirdness & Mutations

Your life essence is reduced to manifest your ancestor. (-10% HP)
You are amphibious.
You cover ground slowly.
You can hop long distances.
You have an extended range of vision and can be seen from far away.
You have sharp toenails.
You are partially covered in iridescent scales. (AC +2)
You are frail. (-10% HP)
Your magical capacity is low. (-10% MP)
[Your body sometimes deteriorates upon taking damage.]
[You occasionally lose the ability to read scrolls when taking damage.]


Message History

The doom hound completely misses you. The doom hound claws you!
Ouch! That really hurt!
The teleport trap disappears.
The Tzitzimitl disappears!
The Tzitzimitl reappears nearby!
Your fire dragon breathes flames at the doom hound.
The blast of flame hits the doom hound!!!
Unknown command.
Unknown command.
Unknown command.
The spectral spriggan defender closely misses you.
The doom hound bites you!
* * * LOW HITPOINT WARNING * * *
The doom hound claws you but does no damage.
Tiberius closely misses the spectral spriggan defender.
You block the spectral spriggan defender's attack.
You go up through the gate.
Welcome back to the Vestibule of Hell!
A dragon arrives to answer your call! x2
Your quicksilver dragon bites the doom hound.
Your quicksilver dragon barely misses the doom hound.
Your golden dragon bites the doom hound.
Your golden dragon claws the doom hound.
Your golden dragon tramples the doom hound!
The doom hound stumbles backwards!
Your quicksilver dragon bites the doom hound but does no damage.
Your quicksilver dragon claws the doom hound but does no damage.
A tormentor comes into view.
There is a gateway to the decaying netherworld of Tartarus, spattered with blood here.
You feel much better. The doom hound bites you! The doom hound claws you!
* * * LOW HITPOINT WARNING * * *
Your quicksilver dragon breathes dispelling energy at the doom hound.
The bolt of dispelling energy hits the doom hound!
Your golden dragon breathes cold at the doom hound.
The bolt of cold hits the doom hound!
The tormentor says, "I'll crush your bones, one by one."
The tormentor calls on the powers of darkness!
Your golden dragon convulses!
You feel a surge of unholy energy.
Your quicksilver dragon convulses!
The doom hound closely misses you. The doom hound claws you!
You die...

##.......## ##.........##
##.}.........## ##...#.#.#.#...##
##...#########...##
##...###.#.#.###...##
##.....#...R2..#.....##
##.....###.....###.....##
##.......#...@D.)#.......##
##.#.#.#.###..Dh.###.#.#.#.##
##.##'######.......##'######.##
##.###.#.#.#.........#.#.#.###.##
#...#.......................#...#
...###.....................###...
#### ####################### ####


You could see the friendly Tiberius the knight (reflecting), a doom hound (can
howl, ally target), a tormentor (ally target), a friendly golden dragon
(summoned, catching breath) and a friendly quicksilver dragon (summoned,
catching breath).

Vanquished Creatures
  A dread lich (Crypt:3)
  2 hellephants
  An electric golem (Zot:2)
  5 tentacled monstrosities
  2 liches
  A shard shrike skeleton (Crypt:3)
  An acid blob (Slime:3)
  A searing wretch (Geh:7)
  A death cob (Zot:1)
  A titan (Vaults:5)
  3 sphinxes
  Gastronok (D:12)
  3 ancient champions (Crypt:3)
  3 storm dragons
  A shadow dragon (Zot:1)
  3 rockslimes
  An azure jelly (Slime:5)
  4 fire giants
  Aizul (Snake:2)
  2 balrugs
  A ghost moth (Zot:1)
  2 orc warlords
  2 vault wardens (Vaults:5)
  2 deep elf elementalists
  A curse skull (Crypt:2)
  3 ironbound preservers (Vaults:4)
  4 quicksilver oozes
  A very ugly thing (Depths:3)
  A reaper (Hell)
  6 stone giants
  A juggernaut skeleton (Crypt:3)
  A spriggan defender (Depths:3)
  An ironbound thunderhulk (Vaults:2)
  A deep elf death mage (Elf:3)
  A lorocyproca (Depths:3)
  2 putrid mouths (Hell)
  A bunyip (Swamp:4)
  3 eleionomae
  A purple draconian (Zot:3)
  A deep elf annihilator (Depths:2)
  2 black draconians
  A red draconian (Zot:1)
  A white draconian (Zot:3)
  A war gargoyle (Vaults:5)
  An ettin (Depths:1)
  A shambling mangrove (Swamp:1)
  An eidolon (Tar:2)
  2 spectral spriggans (Tar:2)
  3 fire dragons
  A deep elf high priest (Elf:3)
  2 yaktaur captains
  2 ice dragons
  A vault guard (Vaults:5)
  A salamander tyrant (Geh:7)
  3 great orbs of eyes
  2 hydras
  5 alligators
  An ironbound frostheart (Vaults:3)
  A spriggan air mage (Depths:1)
  3 boulder beetles
  7 anacondas
  2 two-headed ogres
  3 naga warriors
  3 spriggan skeletons (Crypt:3)
  A vampire mage (Crypt:2)
  4 naga sharpshooters
  2 tengu warriors (Depths:1)
  A demonic crawler (Hell)
  A deep troll shaman (Depths:2)
  5 dancing weapons
  A death yak (Lair:2)
  A spriggan berserker (Swamp:1)
  3 orc high priests
  7 shock serpents
  6 deep elf knights
  Nergalle (D:12)
  2 sun demons
  3 titan skeletons
  3 goliath frogs
  A swamp dragon (Swamp:1)
  A fire crab (shapeshifter) (D:12)
  3 skeletal warriors
  A sea snake (Snake:3)
  5 deep trolls
  A storm dragon skeleton (Crypt:3)
  A spriggan druid (Swamp:3)
  A deep elf archer (Elf:1)
  2 glowing orange brains
  4 mana vipers
  2 bog bodies
  3 phantasmal warriors
  A spectral anaconda (Tar:2)
  An arcanist (Vaults:1)
  3 ironbound convokers
  2 lindwurms
  17 deep elf pyromancers
  5 deep elf zephyrmancers
  A bunyip skeleton (Crypt:3)
  4 orc knights
  5 ugly things
  A shining eye (Slime:5)
  A wolf spider (Lair:5)
  A manticore (D:15)
  A spectral centaur (Tar:1)
  An orc sorcerer (Orc:1)
  2 will-o-the-wisps
  3 cyclopes
  Maurice (D:12)
  8 elephants
  4 salamanders
  5 moths of wrath
  2 guardian serpents
  2 centaur zombies (D:10)
  29 black mambas
  A stone giant skeleton (Vaults:4)
  A smoke demon (Depths:1)
  An orange demon (Depths:1)
  A gargoyle (D:13)
  5 naga magi
  A torpor snail (Lair:5)
  2 centaur skeletons
  10 cane toads
  3 vault sentinels
  2 dire elephant skeletons (Crypt:3)
  2 naga skeletons (Crypt:3)
  2 freezing wraiths
  7 komodo dragons
  A black draconian zombie (Crypt:2)
  A kobold demonologist (D:13)
  An elf skeleton (Vaults:4)
  6 polar bears
  An iron troll skeleton (Crypt:2)
  A troll (D:13)
  2 glass eyes
  2 harpy skeletons (Crypt:3)
  3 hornets
  4 blink frogs
  A dream sheep (Lair:5)
  A centaur simulacrum (D:14)
  40 slime creatures
  An air elemental (Elf:3)
  9 spriggans
  2 wraiths
  3 shadows
  15 yaks
  A water elemental (Elf:2)
  2 ettin skeletons (Crypt:3)
  A human (D:13)
  A black mamba skeleton (Crypt:3)
  A fire elemental (Elf:2)
  A warg (D:11)
  9 wyverns
  A redback (Lair:5)
  4 vampire mosquitoes
  12 nagas
  A demonspawn zombie (Crypt:3)
  A swamp worm (shapeshifter) (D:12)
  A culicivora (shapeshifter) (Vaults:5)
  6 swamp worms
  11 water moccasins
  13 orc warriors
  A black bear (D:7)
  5 laughing skulls
  An elephant skeleton (Crypt:3)
  6 wolves
  A lemure (D:3)
  2 phantoms
  9 nameless horrors
  9 bullfrogs
  4 necrophages (Lair:4)
  An earth elemental (Elf:2)
  2 scorpions
  2 howler monkeys
  4 crimson imps (D:13)
  3 hounds (D:4)
  2 human zombies
  2 orc priests
  4 jellies
  A boggart zombie (Crypt:1)
  11 orc wizards
  2 hell rats (Lair:2)
  A wolf simulacrum (IceCv)
  A gnoll (D:10)
  A howler monkey skeleton (D:10)
  6 adders
  A river rat (Sewer)
  A shadow imp (D:7)
  14 white imps
  3 dart slugs
  3 ribbon worms
  22 orcs
  10 endoplasms
  8 giant cockroaches
  5 goblins
  4 hobgoblins
  2 jackals (D:2)
  2 quokkas
  6 ball pythons
  2 bats
  4 frilled lizards
  A frilled lizard zombie (Crypt:2)
  5 kobolds
  10 rats
  A fire vortex (Geh:2)
673 creatures vanquished.

Vanquished Creatures (collateral kills)
  Asmodeus (Geh:7)
  the Royal Jelly (Slime:5)
  Dissolution (Slime:5)
  3 orbs of fire
  Tiamat (Zot:3)
  4 dread liches
  5 ancient liches
  Boris (thrice) (Vaults:1 Depths:1 Depths:2)
  Sojobo (Vaults:2)
  Parghit (Depths:4)
  Saint Roka (Snake:2)
  Bai Suzhen (Elf:3)
  Vashnia (Snake:4)
  2 curse toes (Zot:4)
  Margery (Depths:3)
  10 golden dragons
  Geryon (Hell)
  2 profane servitors
  The ghost of Sphyrna the Shatterer, an adept MiBe of Trog (Elf:3)
  11 bone dragons
  5 doom hounds
  7 Brimstone Fiends
  9 hellephants
  7 Tzitzimimeh
  11 tentacled monstrosities
  Jorgrun (D:12)
  Rupert (Depths:3)
  Asterion (Depths:2)
  4 tainted leviathans
  The ghost of Moagi the Pandemonic, an adept GnSk of Makhleb (Vaults:4)
  2 titans (Vaults:5)
  4 liches
  2 quicksilver dragons (Zot:2)
  29 searing wretches
  19 acid blobs
  A deep elf master archer (Elf:3)
  2 deep elf blademasters (Elf:3)
  Frances (D:14)
  6 sphinxes
  4 ancient champions
  The ghost of dertzug the Bludgeoner, an adept AtFi of Nemelex Xobeh (Swamp:2)
  An eldritch tentacle (Hell)
  Agnes (Snake:4)
  11 death cobs
  6 shadow dragons
  10 tengu reavers
  A revenant (Vaults:4)
  15 storm dragons
  9 azure jellies
  7 draconian monks
  8 nagarajas
  4 protean progenitors (Zot:1)
  14 rockslimes
  3 iron dragons
  3 deep elf sorcerers
  2 ghost moths
  4 draconian shifters
  10 frost giants
  22 fire giants
  21 balrugs
  4 deep elf elementalists (Elf:3)
  6 draconian knights
  5 draconian scorchers
  4 curse skulls
  15 vault wardens
  2 spectral juggernauts
  9 ghouls
  5 draconian annihilators
  7 reapers
  A draconian stormcaller (Depths:4)
  A cacodemon (D:12)
  2 orc warlords
  17 ironbound preservers
  3 spriggan defenders
  7 stone giants
  18 quicksilver oozes
  6 formless jellyfish
  6 vampire knights
  A caustic shrike skeleton (Hell)
  2 very ugly things
  A juggernaut skeleton (Crypt:3)
  8 deep elf death magi
  4 ironbound thunderhulks
  2 eleionomae
  10 black draconians
  6 deep elf demonologists
  12 green draconians
  13 putrid mouths
  12 white draconians
  4 spectral titans
  9 deep elf annihilators
  A war gargoyle (Hell)
  12 yellow draconians
  10 red draconians
  11 purple draconians
  2 spark wasps (Zot:1)
  11 eidola
  A minotaur (Gauntlet)
  5 blizzard demons
  4 bunyips
  4 jiangshi
  8 ettins
  An entropy weaver (Vaults:4)
  7 deep elf high priests
  A spectral golden dragon (Tar:2)
  2 spectral quicksilver dragons (Tar:2)
  2 spectral spriggans
  11 fire dragons
  A spectral iron giant (Tar:3)
  An entropy weaver (shapeshifter) (Vaults:5)
  The ghost of riffraff the Cleaver, a journeyman MiBe of Trog (D:12)
  13 yaktaur captains
  Harold (D:11)
  21 hydras
  15 great orbs of eyes
  A fenstrider witch zombie (Hell)
  3 rakshasas
  A shambling mangrove (Swamp:1)
  9 salamander tyrants
  35 vault guards
  15 anacondas
  A ghost crab (Swamp:1)
  16 stokers
  A hell beast (Depths:1)
  An ogre mage (Vaults:5)
  4 ice dragons
  5 spriggan air magi
  7 ironbound frosthearts
  A quicksilver dragon skeleton (Crypt:3)
  3 alligators (Swamp:1)
  21 naga warriors
  A death knight (Crypt:1)
  2 two-headed ogres
  11 vampire magi
  22 dancing weapons
  A satyr (Zot:1)
  9 deep troll shamans
  5 boulder beetles
  4 tengu warriors
  5 spriggan berserkers
  39 hell hogs
  2 orc high priests (Orc:2)
  5 deep troll earth magi
  A spectral naga (Tar:1)
  9 death yaks
  A quicksilver ooze zombie (Crypt:1)
  8 naga sharpshooters
  Urug (D:12)
  3 occultists (Depths:2)
  8 shock serpents
  A skyshark (shapeshifter) (Depths:4)
  10 deep elf knights
  25 hell knights
  8 soul eaters
  Sonja (D:12)
  8 sun demons
  7 iron trolls
  2 salamander mystics
  55 skeletal warriors
  3 shadow wraiths
  5 goliath frogs
  An iron giant zombie (Crypt:1)
  A sixfirhy (Depths:1)
  44 deep trolls
  2 spectral anacondas
  A golden dragon zombie (Crypt:1)
  2 sea snakes (Snake:3)
  3 spectral bunyips
  7 swamp dragons
  3 arcanists
  3 flayed ghosts
  4 spriggan druids
  12 naga ritualists
  A wolf spider zombie (Crypt:3)
  5 mana vipers
  4 bog bodies
  2 spectral iron dragons
  10 orc knights
  A sea snake (shapeshifter) (D:12)
  6 deep elf archers
  3 glowing orange brains
  7 necromancers
  10 phantasmal warriors
  An obsidian statue (Depths:1)
  11 ironbound convokers
  9 lindwurms
  Pikel (D:4)
  12 deep elf pyromancers
  20 ugly things
  15 deep elf zephyrmancers
  A glowing shapeshifter (Vaults:5)
  5 orc sorcerers
  2 manticores
  7 salamanders
  6 will-o-the-wisps
  A shadow dragon skeleton (Crypt:3)
  A frost giant zombie (Vaults:4)
  6 shining eyes
  3 cyclopes
  A moth of wrath (shapeshifter) (Depths:4)
  A tengu skeleton (Vaults:4)
  20 moths of wrath
  A worldbinder (Gauntlet)
  4 rust devils (Hell)
  A stone giant skeleton (Crypt:3)
  11 elephants
  3 kobold blastminers
  3 ice statues (IceCv)
  10 guardian serpents
  17 vault sentinels
  78 slime creatures
  3 centaur zombies
  A shock serpent zombie (Crypt:2)
  2 eyes of devastation
  An orange demon (Depths:1)
  34 black mambas
  A human skeleton (Vaults:4)
  12 naga magi
  A smoke demon (Depths:3)
  A torpor snail (Lair:5)
  A naga skeleton (Crypt:3)
  7 cane toads
  A dire elephant skeleton (Crypt:3)
  3 hellions
  24 yaktaurs
  A minotaur zombie (Crypt:2)
  9 nameless horrors
  2 efreet
  8 tormentors
  2 freezing wraiths
  2 anaconda simulacra (Hell)
  A bunyip simulacrum (Hell)
  11 tengu conjurers
  2 komodo dragons (Lair:5)
  An elf zombie (Vaults:4)
  3 ice devils
  2 unseen horror zombies (D:9)
  A red draconian skeleton (Crypt:1)
  2 spectral harpies
  4 red devils
  A harpy zombie (Hell)
  2 trolls
  2 merfolk (Zot:1)
  A queen bee (shapeshifter) (D:14)
  9 tyrant leeches
  11 hornets
  A grey draconian skeleton (Crypt:3)
  A polar bear (Lair:5)
  A death drake skeleton (Crypt:2)
  2 glass eyes
  3 blink frogs
  3 harpy skeletons
  Prince Ribbit (D:9)
  8 dream sheep (Lair:5)
  A meliai zombie (D:10)
  8 spriggans
  An ettin skeleton (Crypt:1)
  A shadow (D:12)
  A yak (shapeshifter) (D:12)
  A water elemental (Elf:2)
  A wind drake zombie (Crypt:2)
  4 vampires
  8 wyverns (Lair:5)
  5 wraiths
  A ynoxinul (Depths:1)
  36 yaks
  A naga simulacrum (Hell)
  A black mamba skeleton (Crypt:3)
  A fire bat (D:5)
  4 humans (D:13)
  4 neqoxecs
  2 wargs
  A basilisk (Lair:5)
  A chaos spawn (Gauntlet)
  7 vampire mosquitoes
  4 fire elementals
  A steam dragon (D:8)
  6 swamp worms
  Menkaure (D:4)
  2 redbacks (Vaults:4)
  35 nagas
  A hydra simulacrum (IceCv)
  A harpy simulacrum (IceCv)
  2 acid dragons
  13 water moccasins
  A water moccasin (shapeshifter) (D:12)
  5 hell hounds (Hell)
  29 orc warriors
  2 sky beasts
  7 swamp drakes
  An ice beast (D:6)
  20 laughing skulls
  2 black bears
  An ogre (shapeshifter) (Elf:3)
  3 ogres
  2 boggarts (Gauntlet)
  7 wolves
  2 centaurs
  A lemure (D:4)
  A hog skeleton (Crypt:2)
  8 bullfrogs
  3 necrophages
  An earth elemental (Elf:1)
  An ogre simulacrum (Vaults:4)
  A wyvern skeleton (Crypt:1)
  A burial acolyte (D:10)
  A cyclops skeleton (Crypt:3)
  7 wights
  A raiju zombie (Crypt:2)
  An elephant simulacrum (IceCv)
  A yak skeleton (Crypt:2)
  6 howler monkeys
  An electric eel (Snake:3)
  A bombardier beetle (D:4)
  4 jellies
  2 gnoll boudas
  11 orc priests
  3 hounds
  2 centaur skeletons (Crypt:1)
  A sleepcap (D:7)
  Terence (D:3)
  4 iguanas
  22 orc wizards
  2 polar bear simulacra (IceCv)
  8 hell rats
  An ice beast zombie (Crypt:3)
  A howler monkey zombie (Crypt:3)
  4 gnolls
  A river rat (Sewer)
  An adder (D:2)
  A shadow imp (D:7)
  3 white imps (D:13)
  2 ribbon worms
  A dart slug (D:1)
  75 orcs
  3 ball pythons
  3 endoplasms
  3 giant cockroaches
  3 goblins
  A hobgoblin (D:1)
  2 jackals (D:2)
  A frilled lizard (Sewer)
  4 rats
  An aspiring flesh (Zot:1)
  7 creeping infernos
  17 fire vortices
2097 creatures vanquished.

Vanquished Creatures (others)
  A deep elf master archer (Elf:3)
  An eldritch tentacle (Geh:4)
  A deep elf sorcerer (Elf:3)
  A fire giant (Vaults:5)
  A dire elephant (Vaults:1)
  A purple draconian (Zot:1)
  A yaktaur captain (Vaults:5)
  2 salamander tyrants (Geh:7)
  A stoker (Geh:7)
  A dancing weapon (Elf:1)
  A spriggan berserker (Depths:1)
  A deep elf knight (Elf:3)
  2 deep elf archers (Elf:3)
  2 tengu conjurers (Depths:1)
  A merfolk (Zot:1)
  3 bloated husks
  A tyrant leech (Swamp:1)
  14 ancestors
  28 knights
  A human (D:13)
  A fire elemental (Swamp:4)
  A naga (Snake:4)
  A swamp drake (Swamp:4)
  6 orc wizards
  A gnoll (D:5)
  An orc (Orc:2)
  2 creeping infernos
  6 fire vortices
  40 foxfires
  10 snaplasher vines
134 creatures vanquished.

Grand Total: 2904 creatures vanquished

Notes
Turn   | Place    | Note
-------+----------+-------------------------------------------
     0 | D:1      | ChadusMaximus the Barachi Summoner began the quest for the
                  | Orb.
     0 | D:1      | Reached XP level 1. HP: 13/13 MP: 3/3
   257 | D:1      | Reached skill level 5 in Summonings
   293 | D:1      | Reached XP level 2. HP: 18/19 MP: 3/5
   761 | D:1      | Reached XP level 3. HP: 18/24 MP: 7/7
   924 | D:1      | Found Xuliseo's General Store.
   951 | D:1      | Learned a level 3 spell: Call Canine Familiar
   954 | D:1      | Learned a level 2 spell: Call Imp
  1294 | D:2      | Found a faded altar of an unknown god.
  1304 | D:2      | Reached XP level 4. HP: 27/30 MP: 8/8
  1534 | D:2      | Found an iron altar of Okawaru.
  1948 | D:3      | Identified the +5 ring mail of the Curious Demons {MP+9
                  | Dex+4}
  2096 | D:3      | Noticed a black bear
  2105 | D:3      | Killed a black bear
  2106 | D:3      | Reached skill level 1 in Armour
  2106 | D:3      | Reached XP level 5. HP: 22/35 MP: 10/10
  2642 | D:3      | Found Tosoipt's Distillery.
  2652 | D:3      | Bought a potion of curing for 33 gold pieces
  2678 | D:3      | Noticed Terence
  2688 | D:3      | Killed Terence
  2749 | D:4      | Reached XP level 6. HP: 31/41 MP: 11/11
  2906 | D:4      | Noticed Menkaure
  2924 | D:4      | Killed Menkaure
  2963 | D:4      | Found a white marble altar of Elyvilon.
  3039 | D:4      | Found a glowing drain.
  3055 | D:4      | Reached XP level 7. HP: 41/46 MP: 13/13
  3072 | Sewer    | Entered a sewer
  3447 | Sewer    | Found a viscous altar of Jiyva.
  3642 | D:4      | Found an iron altar of Okawaru.
  3643 | D:4      | Noticed Pikel
  3856 | D:4      | Found a transporter.
  3857 | D:4      | Noticed Marvel's ghost (amateur HOFi)
  3860 | D:4      | Found a transporter.
  4219 | D:4      | Killed Pikel
  4220 | D:4      | Reached skill level 5 in Armour
  4220 | D:4      | Reached skill level 5 in Spellcasting
  4220 | D:4      | Reached XP level 8. HP: 22/52 MP: 16/16
  4379 | D:5      | Entered Level 5 of the Dungeon
  4384 | D:5      | Found a hazy altar of Hepliaklqana.
  4385 | D:5      | Found a shadowy altar of Dithmenos.
  4385 | D:5      | Noticed a shadow
  4431 | D:5      | Reached skill level 10 in Summonings
  4666 | D:4      | Learned a level 4 spell: Summon Lightning Spire
  5543 | D:5      | Found a shimmering altar of Xom.
  5557 | D:5      | Reached XP level 9. HP: 28/57 MP: 18/18
  6405 | D:6      | Found a staircase to the Ecumenical Temple.
  6419 | Temple   | Entered the Ecumenical Temple
  6559 | D:6      | You fall into a shaft and drop 3 floors!
  6708 | D:8      | Found Qegystri's Distillery.
  6720 | D:8      | Bought a potion of heal wounds for 80 gold pieces
  6763 | D:7      | Found a hide-covered altar of Uskayaw.
  6807 | D:7      | Found a flagged portal.
  6817 | Bailey   | Entered a bailey
  6860 | Bailey   | Noticed an orc knight
  6872 | Bailey   | Killed an orc knight
  6906 | Bailey   | Reached XP level 10. HP: 63/63 MP: 19/20
  7076 | Bailey   | Found a large runed translucent door.
  7077 | Bailey   | Found a large runed translucent door.
  7078 | Bailey   | Noticed a deep elf pyromancer
  7170 | Bailey   | Killed a deep elf pyromancer
  7170 | Bailey   | HP: 3/63 [burnt (21)]
  7206 | Bailey   | Identified the +1 cloak of Webreare {rElec rC++ SInv
                  | Stlth-}
  8214 | D:6      | Found a transporter.
  8214 | D:6      | Found Peomeh's Weapon Shoppe.
  8217 | D:6      | Found a transporter.
  8364 | D:6      | Found a broken altar of Ashenzari.
  8623 | D:8      | Found a staircase to the Lair.
  9795 | D:9      | Noticed a two-headed ogre
  9806 | D:9      | Killed a two-headed ogre
  9807 | D:9      | Reached skill level 2 in Fighting
  9807 | D:9      | Reached XP level 11. HP: 36/72 MP: 17/23
  9938 | D:9      | Found a stormy altar of Qazlal.
 10043 | D:9      | Found a burning altar of Makhleb.
 10073 | D:9      | Noticed Prince Ribbit
 10088 | D:9      | Killed Prince Ribbit
 10289 | D:9      | Reached skill level 3 in Fighting
 10289 | D:9      | Reached skill level 10 in Armour
 10445 | D:9      | Found a basalt altar of Yredelemnul.
 10601 | D:9      | Found a snail-covered altar of Cheibriados.
 10877 | D:9      | Reached skill level 4 in Fighting
 11096 | D:10     | Entered Level 10 of the Dungeon
 11179 | D:10     | Found Ditwoker's Weapon Boutique.
 11352 | D:10     | Paralysed by a hornet for 2 turns
 11585 | D:10     | Reached skill level 5 in Dodging
 11781 | D:10     | Reached skill level 5 in Fighting
 11904 | D:10     | Found an ancient bone altar of Kikubaaqudgha.
 12260 | D:10     | Reached skill level 6 in Fighting
 13169 | D:11     | Found a staircase to the Orcish Mines.
 13674 | D:11     | Noticed Harold
 13683 | D:11     | Killed Harold
 13684 | D:11     | Reached XP level 12. HP: 78/89 MP: 24/24
 13996 | D:11     | Reached skill level 7 in Fighting
 14443 | D:10     | Bought the +4 scimitar "Dumac" {freeze, Stlth+} for 444
                  | gold pieces
 14500 | Orc:1    | Entered Level 1 of the Orcish Mines
 14680 | Orc:1    | Reached skill level 1 in Long Blades
 14998 | Orc:2    | Entered Level 2 of the Orcish Mines
 15160 | Orc:1    | Noticed a soul eater
 15165 | Orc:1    | Reached skill level 8 in Fighting
 15449 | Orc:2    | Noticed an orc high priest
 15467 | Orc:1    | Killed an orc high priest
 15971 | Orc:2    | Noticed a two-headed ogre
 16087 | Orc:1    | Killed a two-headed ogre
 16244 | Orc:2    | Found Voics's Armour Shop.
 16254 | Orc:2    | Bought a +2 pair of gloves of infusion for 301 gold pieces
 16300 | Orc:2    | Found a staircase to the Elven Halls.
 16376 | Orc:2    | Noticed an orc high priest
 16384 | Orc:2    | Reached skill level 5 in Long Blades
 16387 | Orc:2    | Noticed a sun demon
 16388 | Orc:2    | Noticed an orc warlord
 16634 | Lair:1   | Entered Level 1 of the Lair of Beasts
 16648 | Lair:1   | Reached skill level 9 in Fighting
 16934 | D:8      | HP: 4/96 [cane toad (8)]
 17535 | Lair:1   | Gained mutation: You can hop long distances. [Barachi
                  | growth]
 17535 | Lair:1   | Reached XP level 13. HP: 103/103 MP: 25/25
 17722 | Lair:1   | Reached skill level 10 in Fighting
 18402 | Lair:1   | Learned a level 6 spell: Summon Cactus Giant
 18999 | Lair:2   | Found a staircase to the Snake Pit.
 19016 | Lair:2   | Reached skill level 10 in Dodging
 20153 | Lair:3   | Reached skill level 15 in Summonings
 20171 | Lair:3   | Identified a scroll of acquirement
 20173 | Lair:3   | Acquired a book of the Wilderness
 20621 | Lair:3   | Learned a level 5 spell: Summon Forest
 20627 | Lair:3   | Learned a level 5 spell: Summon Mana Viper
 21131 | Lair:4   | You fall into a shaft and drop 1 floor!
 21131 | Lair:5   | Entered Level 5 of the Lair of Beasts
 22183 | Lair:4   | Found a viscous altar of Jiyva.
 22183 | Lair:4   | Found a staircase to the Slime Pits.
 22260 | Lair:5   | Reached XP level 14. HP: 60/110 MP: 21/27
 22263 | Lair:5   | Reached skill level 10 in Spellcasting
 22412 | Lair:5   | Reached skill level 10 in Long Blades
 23234 | Lair:5   | Identified the +6 plate armour of the Desolation of Salt
                  | {rF- Int+4}
 24555 | Lair:2   | Reached XP level 15. HP: 54/115 MP: 22/30
 24736 | Lair:2   | Found a staircase to the Swamp.
 25301 | Orc:1    | Killed an orc warlord
 25966 | Orc:2    | Found Ungi's General Store.
 25967 | Orc:2    | Found Vyum's Book Emporium.
 25970 | Orc:2    | Found Surghes's Antique Armour Emporium.
 25970 | Orc:2    | Found Ykhlaw's Antique Weapon Shoppe.
 25985 | Orc:2    | Bought a potion of brilliance for 68 gold pieces
 26219 | D:12     | Noticed Jorgrun
 26241 | D:12     | Killed Jorgrun
 26488 | D:12     | Noticed Urug
 26497 | D:12     | Killed Urug
 26653 | D:12     | Noticed Maurice
 26664 | D:12     | Killed Maurice
 26728 | D:12     | Noticed Sonja
 26744 | D:12     | Killed Sonja
 27617 | D:12     | Found a runed translucent gate.
 27617 | D:12     | Found a runed translucent gate.
 27617 | D:12     | Found a runed translucent gate.
 27639 | D:12     | Noticed Nergalle
 27644 | D:12     | Killed Nergalle
 27755 | D:12     | Noticed Gastronok
 27769 | D:12     | Killed Gastronok
 28126 | D:12     | Found a runed translucent gate.
 28126 | D:12     | Found a runed translucent gate.
 28131 | D:12     | Found a runed translucent gate.
 28132 | D:12     | Noticed a cacodemon
 28136 | D:12     | Noticed riffraff's ghost (journeyman MiBe)
 28390 | D:13     | Identified the +1 robe of Zerafa {rC+ Regen+ Str-3}
 28556 | D:13     | Found a portal to a secret trove of treasure.
 28684 | D:13     | Found a frozen archway.
 28704 | IceCv    | Entered an ice cave
 29757 | IceCv    | Got Pugiruis's Dissertation on Congelation
 29884 | D:13     | Reached XP level 16. HP: 64/122 MP: 18/33
 30069 | D:13     | Found a gate to the Vaults.
 30279 | D:14     | Found a gate leading to a gauntlet.
 30289 | Gauntlet | Entered a Gauntlet
 30289 | Gauntlet | Found a transporter.
 30289 | Gauntlet | Found a transporter.
 30289 | Gauntlet | Found a transporter.
 30289 | Gauntlet | Found a transporter.
 30299 | Gauntlet | Found a transporter.
 30301 | Gauntlet | Found a transporter.
 30309 | Gauntlet | Found a transporter.
 30309 | Gauntlet | Found the +2 ratskin cloak {*Rats rPois rN+ Str-1 Int-1
                  | Dex+1}
 30312 | Gauntlet | Found a transporter.
 30320 | Gauntlet | Found a transporter.
 30338 | Gauntlet | Found a transporter.
 30355 | Gauntlet | Found a transporter.
 30358 | Gauntlet | Found a transporter.
 30753 | Gauntlet | Identified the +0 pair of boots of Yvezxoru {-Tele Regen+
                  | rCorr Stlth+}
 30850 | Gauntlet | Identified the amulet "Ocviotus" {RegenMP rF- rCorr SInv}
 32148 | D:14     | Found Hiystrab's Weapon Boutique.
 32149 | D:14     | Found Nuroad's Weapon Boutique.
 32150 | D:14     | Found Ofuati's Distillery.
 32164 | D:14     | Noticed Frances
 32182 | D:14     | Killed Frances
 32393 | D:14     | Acquired the +3 hat of Yhalah {rN+ Int+5}
 33449 | Snake:1  | Entered Level 1 of the Snake Pit
 33626 | Snake:1  | Reached skill level 1 in Shields
 34455 | Snake:1  | Reached skill level 15 in Long Blades
 35327 | Snake:2  | Identified the serpent talisman of the Louse {rC++ rN+}
 35327 | Snake:2  | Noticed Aizul
 35343 | Snake:2  | Killed Aizul
 35680 | Snake:2  | Reached skill level 5 in Shields
 37043 | Snake:2  | Noticed Saint Roka
 37081 | Snake:2  | Killed Saint Roka
 37082 | Snake:2  | Reached XP level 17. HP: 49/128 MP: 7/35
 39022 | Snake:3  | Reached skill level 15 in Spellcasting
 39779 | Snake:3  | Reached skill level 10 in Shields
 40010 | Snake:3  | Acquired 545 gold pieces
 40014 | Snake:3  | Acquired the Thoughts on Illusion
 40029 | Snake:3  | Learned a level 7 spell: Monstrous Menagerie
 40040 | Snake:3  | Learned a level 8 spell: Summon Horrible Things
 40091 | Snake:4  | Entered Level 4 of the Snake Pit
 40513 | Snake:4  | Found Fiulet's Distillery.
 40609 | Snake:4  | Bought a potion of curing for 54 gold pieces
 40610 | Snake:4  | Found Farhisk's Armour Shop.
 40811 | Snake:4  | Reached XP level 18. HP: 135/135 MP: 37/37
 41570 | Snake:4  | Noticed Agnes
 41575 | Snake:4  | Killed Agnes
 41768 | Snake:4  | Noticed Vashnia
 42279 | D:5      | Became a worshipper of Hepliaklqana the Forgotten
 43575 | Snake:4  | Killed Vashnia
 43883 | Snake:4  | Got a serpentine rune of Zot
 44242 | Swamp:1  | Entered Level 1 of the Swamp
 45038 | Swamp:1  | Reached skill level 11 in Fighting
 45894 | Swamp:2  | Reached * piety under Hepliaklqana
 46024 | Swamp:2  | Reached skill level 12 in Fighting
 46254 | Swamp:2  | Found a runed translucent gate.
 46254 | Swamp:2  | Found a runed translucent gate.
 46254 | Swamp:2  | Found a runed translucent gate.
 46256 | Swamp:2  | Noticed dertzug's ghost (adept AtFi)
 46295 | Swamp:2  | Reached XP level 19. HP: 108/131 MP: 39/39
 46682 | Swamp:2  | Killed dertzug's ghost
 47133 | Swamp:3  | Reached skill level 13 in Fighting
 47940 | Swamp:4  | Entered Level 4 of the Swamp
 48173 | Swamp:4  | Reached skill level 14 in Fighting
 48658 | Swamp:4  | Noticed a tentacled monstrosity
 48669 | Swamp:4  | Killed a tentacled monstrosity
 48880 | Swamp:4  | Reached ** piety under Hepliaklqana
 48921 | Swamp:4  | Reached skill level 15 in Fighting
 49483 | Swamp:4  | Got a decaying rune of Zot
 49734 | Vaults:1 | Entered Level 1 of the Vaults
 49742 | Vaults:1 | Found Zycoatih's Antique Weapon Shop.
 50266 | Vaults:1 | Found Hapem's Jewellery Boutique.
 50289 | Vaults:1 | Noticed Boris
 50299 | Vaults:1 | Killed Boris
 50556 | Vaults:1 | Reached *** piety under Hepliaklqana
 50579 | Vaults:1 | Found Qurhecy's Jewellery Shoppe.
 50626 | Vaults:1 | Found Ziaclet's General Store.
 50752 | Vaults:1 | Reached skill level 16 in Fighting
 51599 | Vaults:2 | Reached XP level 20. HP: 124/149 MP: 31/40
 51626 | Vaults:2 | Noticed Sojobo
 51647 | Vaults:2 | Killed Sojobo
 51664 | Vaults:2 | Reached skill level 17 in Fighting
 51777 | Vaults:2 | Found a flickering gateway to a bazaar.
 51787 | Bazaar   | Entered a bazaar
 51805 | Bazaar   | Found Soiczog's Jewellery Boutique.
 51917 | Bazaar   | Found Facuoho's Antique Armour Emporium.
 51941 | Bazaar   | Found Quink's Book Boutique.
 51961 | Bazaar   | Found Woirghaint's Antique Weapon Shoppe.
 51961 | Bazaar   | Reached **** piety under Hepliaklqana
 52024 | Bazaar   | Bought a book of Decay for 360 gold pieces
 52041 | Bazaar   | Bought a pair of runed gloves for 202 gold pieces
 52090 | Bazaar   | Bought the amulet of the Air {Inacc Air Fly rElec RMsl} for
                  | 338 gold pieces
 52090 | Bazaar   | Found the amulet of the Air {Inacc Air Fly rElec RMsl}
 52273 | Vaults:2 | Found a staircase to the Crypt.
 52683 | Vaults:2 | Reached skill level 18 in Fighting
 53491 | Vaults:2 | You fall into a shaft and drop 2 floors!
 53514 | Vaults:4 | Reached skill level 15 in Dodging
 53818 | Vaults:4 | Remembered your ancestor Tiberius as a knight
 54028 | Vaults:4 | Reached skill level 19 in Fighting
 54357 | Vaults:4 | Reached ***** piety under Hepliaklqana
 55304 | Vaults:4 | Found a runed translucent gate.
 55304 | Vaults:4 | Found a runed translucent gate.
 55304 | Vaults:4 | Found a runed translucent gate.
 55304 | Vaults:4 | Noticed Moagi's ghost (adept GnSk)
 55545 | Vaults:4 | Reached XP level 21. HP: 128/155 MP: 20/41
 55555 | Vaults:4 | Killed Moagi's ghost
 55568 | Vaults:4 | Reached skill level 20 in Fighting
 57718 | Elf:1    | Entered Level 1 of the Elven Halls
 59726 | Elf:2    | Found a huge runed translucent gate.
 59726 | Elf:2    | Found a huge runed translucent gate.
 59726 | Elf:2    | Found a huge runed translucent gate.
 59732 | Elf:2    | Found a huge runed translucent gate.
 59733 | Elf:2    | Found a huge runed translucent gate.
 60208 | Elf:2    | Reached ****** piety under Hepliaklqana
 60892 | Elf:2    | Reached skill level 15 in Shields
 61062 | Elf:2    | Learned a level 4 spell: Martyr's Knell
 61070 | Elf:2    | Learned a level 7 spell: Summon Hydra
 61072 | Elf:3    | Entered Level 3 of the Elven Halls
 61095 | Elf:3    | Identified the dragon-blood talisman "Lickutow" {Int+3}
 61095 | Elf:3    | Noticed Bai Suzhen
 61121 | Elf:3    | Killed Bai Suzhen
 61487 | Elf:3    | Found a runed translucent gate.
 61488 | Elf:3    | Found a runed translucent gate.
 61488 | Elf:3    | Noticed Sphyrna's ghost (adept MiBe)
 61489 | Elf:3    | Found a runed translucent gate.
 61541 | Elf:3    | Found an ancient bone altar of Kikubaaqudgha.
 61547 | Elf:3    | Reached XP level 22. HP: 103/172 MP: 42/42
 61550 | Elf:3    | Found Cybeo's General Store.
 63106 | Elf:3    | Identified the +11 glaive of Risk Management {venom, rCorr
                  | Str+2}
 63272 | Elf:3    | Identified the +4 hand axe of Yzeggusch {drain, rF+ Str-3
                  | Int+4}
 63272 | Elf:3    | Identified the ring "Ibuikof" {Wiz rPois Int+4 Slay-2}
 63469 | Elf:3    | Got the Anthology of Hail
 63536 | Elf:3    | Got Sif Muna's Codex of the Twinkling Boulder
 63710 | Elf:3    | Killed Sphyrna's ghost
 64094 | Orc:2    | Bought a scroll of amnesia for 68 gold pieces
 64094 | Orc:2    | Bought a scroll of fear for 68 gold pieces
 64128 | Orc:2    | Learned a level 9 spell: Dragon's Call
 64301 | Slime:1  | Entered Level 1 of the Pits of Slime
 64393 | Slime:1  | Gained mutation: You passively map a small area around you.
                  | [a shining eye]
 64611 | Slime:1  | Paralysed by a formless jellyfish for 1 turns
 64617 | Slime:1  | Paralysed by a formless jellyfish for 1 turns
 64949 | Slime:2  | Gained mutation: You have hidden genetic defects. [a
                  | shining eye]
 65381 | Slime:2  | Lost mutation: You have hidden genetic defects. [a shining
                  | eye]
 67094 | Slime:5  | Entered Level 5 of the Pits of Slime
 67185 | Slime:5  | Gained mutation: You are frail. (-10% HP) [a shining eye]
 67188 | Slime:5  | Gained mutation: You are very frail. (-20% HP) [a shining
                  | eye]
 67275 | Slime:5  | Reached XP level 23. HP: 63/139 MP: 15/44
 67511 | Slime:5  | Gained mutation: You are extremely frail. (-30% HP) [a
                  | shining eye]
 67547 | Slime:5  | Noticed the Royal Jelly
 67599 | Slime:5  | Killed the Royal Jelly
 67610 | Slime:5  | Noticed Dissolution
 67614 | Slime:5  | Killed Dissolution
 67966 | Slime:5  | Identified the +1 hand axe of Defiance {vamp, Str+2}
 67977 | Slime:5  | Identified the amulet of the Harvest {rPois rN+ Regen+
                  | Str-4}
 68048 | Slime:5  | Got a slimy rune of Zot
 68063 | Slime:5  | Identified the ring of Starshine {Will+ Int+3 Dex-3}
 68078 | Slime:5  | Identified the ring of Zoaluty {*Slow rPois rC- Will+
                  | Str+5}
 68089 | Slime:5  | Identified the +1 great mace "Oblo" {antimagic, rC++ Str-3
                  | Int+4}
 69213 | Crypt:1  | Entered Level 1 of the Crypt
 72039 | Crypt:2  | Noticed a dread lich
 72060 | Crypt:2  | Killed a dread lich
 72301 | Crypt:2  | Found a basalt altar of Yredelemnul.
 73189 | Crypt:3  | Entered Level 3 of the Crypt
 73202 | Crypt:3  | Found a staircase to the Tomb.
 73934 | Crypt:3  | Reached XP level 24. HP: 98/123 MP: 8/46
 74074 | Crypt:3  | Found an ancient bone altar of Kikubaaqudgha.
 74448 | Crypt:3  | Noticed a dread lich
 74460 | Crypt:3  | Killed a dread lich
 75561 | Crypt:3  | Noticed an ancient lich
 75574 | Crypt:3  | Killed an ancient lich
 75634 | Crypt:3  | Identified the +6 whip "Qurazeip" {venom, rC+ Will+ SInv}
 76348 | Crypt:3  | Found the +8 demon blade "Leech" {evervamp, Harm ^Drain
                  | rN+}
 77112 | Vaults:5 | Entered Level 5 of the Vaults
 77112 | Vaults:5 | Noticed an ancient lich
 77369 | Vaults:5 | Noticed a dread lich
 77397 | Vaults:5 | Killed a dread lich
 77786 | Vaults:5 | Killed an ancient lich
 77886 | Vaults:5 | Identified the +3 ring mail of Midwinter {Str+5 Dex+3}
 78234 | Vaults:5 | Identified the staff of Due Proportion {rC+ rCorr Dex+2
                  | SInv Earth}
 78290 | Vaults:5 | Reached skill level 21 in Fighting
 78701 | Vaults:5 | Reached XP level 25. HP: 124/128 MP: 48/48
 79588 | Vaults:5 | Got a silver rune of Zot
 79701 | Vaults:5 | Noticed a dread lich
 79713 | Vaults:5 | Killed a dread lich
 80207 | Vaults:5 | Noticed an ancient lich
 80240 | Vaults:5 | Killed an ancient lich
 81062 | D:12     | Killed riffraff's ghost
 81247 | D:12     | Gained mutation: You are weak. (Str -2) [mutagenic glow]
 81259 | D:12     | Lost mutation: You passively map a small area around you.
                  | [potion of mutation]
 81259 | D:12     | Lost mutation: You are extremely frail. (-30% HP) [potion
                  | of mutation]
 81259 | D:12     | Lost mutation: You are weak. (Str -2) [potion of mutation]
 81259 | D:12     | Gained mutation: You passively map a small area around you.
                  | [potion of mutation]
 81259 | D:12     | Gained mutation: You passively dampen the noise of your
                  | surroundings. [potion of mutation]
 81260 | D:12     | Lost mutation: You are very frail. (-20% HP) [potion of
                  | mutation]
 81260 | D:12     | Lost mutation: You are frail. (-10% HP) [potion of
                  | mutation]
 81260 | D:12     | Lost mutation: You passively map a small area around you.
                  | [potion of mutation]
 81260 | D:12     | Gained mutation: Armour fits poorly on your strangely
                  | shaped body. [potion of mutation]
 81260 | D:12     | Gained mutation: You possess an exceptional clarity of
                  | mind. [potion of mutation]
 81261 | D:12     | Lost mutation: You passively dampen the noise of your
                  | surroundings. [potion of mutation]
 81261 | D:12     | Lost mutation: Armour fits poorly on your strangely shaped
                  | body. [potion of mutation]
 81261 | D:12     | Gained mutation: You do not regenerate when monsters are
                  | visible. [potion of mutation]
 81261 | D:12     | Gained mutation: Potions are less effective at restoring
                  | your health. [potion of mutation]
 81261 | D:12     | Gained mutation: Your mind is acute. (Int +4, Str/Dex -1)
                  | [potion of mutation]
 81262 | D:12     | Gained mutation: You are vulnerable to heat. (rF-)
                  | [mutagenic glow]
 81265 | D:12     | Lost mutation: You possess an exceptional clarity of mind.
                  | [potion of mutation]
 81265 | D:12     | Lost mutation: You do not regenerate when monsters are
                  | visible. [potion of mutation]
 81265 | D:12     | Gained mutation: You are frail. (-10% HP) [potion of
                  | mutation]
 81265 | D:12     | Gained mutation: You are somewhat resistant to further
                  | mutation. [potion of mutation]
 81266 | D:12     | Lost mutation: You are vulnerable to heat. (rF-) [potion of
                  | mutation]
 81266 | D:12     | Lost mutation: Your mind is acute. (Int +4, Str/Dex -1)
                  | [potion of mutation]
 81266 | D:12     | Lost mutation: You are frail. (-10% HP) [potion of
                  | mutation]
 81266 | D:12     | Gained mutation: You are dopey. (Int -2) [potion of
                  | mutation]
 81266 | D:12     | Gained mutation: You are partially covered in iridescent
                  | scales. (AC +2) [potion of mutation]
 81266 | D:12     | Gained mutation: You have large cloven feet. [potion of
                  | mutation]
 81267 | D:12     | Lost mutation: You are dopey. (Int -2) [potion of mutation]
 81267 | D:12     | Lost mutation: You have large cloven feet. [potion of
                  | mutation]
 81267 | D:12     | Lost mutation: You are partially covered in iridescent
                  | scales. (AC +2) [potion of mutation]
 81268 | D:12     | Lost mutation: Potions are less effective at restoring your
                  | health. [potion of mutation]
 81268 | D:12     | Lost mutation: You are somewhat resistant to further
                  | mutation. [potion of mutation]
 81268 | D:12     | Gained mutation: You are frail. (-10% HP) [potion of
                  | mutation]
 81268 | D:12     | Gained mutation: Your system is resistant to poisons.
                  | (rPois) [potion of mutation]
 81269 | D:12     | Lost mutation: Your system is resistant to poisons. (rPois)
                  | [potion of mutation]
 81269 | D:12     | Lost mutation: You are frail. (-10% HP) [potion of
                  | mutation]
 81269 | D:12     | Gained mutation: You expend magic power (3 MP) to
                  | strengthen your wands. [potion of mutation]
 81269 | D:12     | Gained mutation: You are vulnerable to heat. (rF-) [potion
                  | of mutation]
 81270 | D:12     | Lost mutation: You expend magic power (3 MP) to strengthen
                  | your wands. [potion of mutation]
 81270 | D:12     | Lost mutation: You are vulnerable to heat. (rF-) [potion of
                  | mutation]
 81270 | D:12     | Gained mutation: You have large cloven feet. [potion of
                  | mutation]
 81270 | D:12     | Gained mutation: You are frail. (-10% HP) [potion of
                  | mutation]
 81271 | D:12     | Lost mutation: You are frail. (-10% HP) [potion of
                  | mutation]
 81271 | D:12     | Lost mutation: You have large cloven feet. [potion of
                  | mutation]
 81271 | D:12     | Gained mutation: You expend magic power (3 MP) to
                  | strengthen your wands. [potion of mutation]
 81272 | D:12     | Lost mutation: You expend magic power (3 MP) to strengthen
                  | your wands. [potion of mutation]
 81272 | D:12     | Gained mutation: Your spells are a little harder to cast,
                  | but a little more powerful. [potion of mutation]
 81272 | D:12     | Gained mutation: You are weak. (Str -2) [potion of
                  | mutation]
 81272 | D:12     | Gained mutation: Your magical capacity is low. (-10% MP)
                  | [potion of mutation]
 81273 | D:12     | Lost mutation: You are weak. (Str -2) [potion of mutation]
 81273 | D:12     | Lost mutation: Your magical capacity is low. (-10% MP)
                  | [potion of mutation]
 81273 | D:12     | Lost mutation: Your spells are a little harder to cast, but
                  | a little more powerful. [potion of mutation]
 81273 | D:12     | Gained mutation: Your flesh is heat resistant. (rF+)
                  | [potion of mutation]
 81273 | D:12     | Gained mutation: Your health recovers twice as slowly from
                  | being drained. [potion of mutation]
 81273 | D:12     | Gained mutation: You have large cloven feet. [potion of
                  | mutation]
 81278 | D:12     | Gained mutation: Your magical capacity is low. (-10% MP)
                  | [mutagenic glow]
 81383 | D:12     | Lost mutation: Your magical capacity is low. (-10% MP)
                  | [potion of mutation]
 81383 | D:12     | Lost mutation: You have large cloven feet. [potion of
                  | mutation]
 81383 | D:12     | Gained mutation: You are clumsy. (Dex -2) [potion of
                  | mutation]
 81383 | D:12     | Gained mutation: You have an increased reservoir of magic.
                  | (+10% MP) [potion of mutation]
 81883 | Tomb:1   | Entered Level 1 of the Tomb of the Ancients
 82070 | D:15     | Entered Level 15 of the Dungeon
 82127 | D:15     | Found a glowing golden altar of the Shining One.
 82284 | D:15     | Found a staircase to the Depths.
 82551 | D:15     | Found Uzexan's Book Emporium.
 82700 | D:15     | Identified the +4 short sword of the Summoning Spider
                  | {venom, ^Contam rPois Str+4}
 82966 | Depths:1 | Entered Level 1 of the Depths
 83070 | Depths:1 | Reached skill level 15 in Armour
 83198 | Depths:1 | Identified the +1 orcbow of the Beast {flame, rElec rPois
                  | rC- rN+}
 83339 | Depths:1 | Noticed Boris
 83350 | Depths:1 | Killed Boris
 83355 | Depths:1 | You fall into a shaft and drop 1 floor!
 83361 | Depths:2 | Reached skill level 22 in Fighting
 83487 | Depths:2 | Noticed Boris
 83489 | Depths:2 | Noticed Asterion
 83496 | Depths:2 | Killed Boris
 83503 | Depths:2 | Killed Asterion
 83681 | Depths:2 | Found a gateway to Hell.
 83686 | Depths:2 | Identified the +5 sling of Conformity {flame, rN+}
 83726 | Depths:2 | Found a shimmering blue altar of Sif Muna.
 83796 | Depths:2 | Found the +8 Wrath of Trog {antimagic, *Rage Rampage}
 83824 | Depths:2 | Noticed a dread lich
 83824 | Depths:2 | Noticed an ancient lich
 83836 | Depths:2 | Killed a dread lich
 83837 | Depths:2 | Killed an ancient lich
 83884 | Depths:2 | Got the Codex of Blasted Congelation
 84400 | Depths:2 | Reached XP level 26. HP: 166/203 MP: 53/53
 84654 | Depths:2 | Found a one-way gate leading to the halls of Pandemonium.
 84665 | Depths:2 | Found a broken altar of Ashenzari.
 85133 | Depths:1 | Gained mutation: Potions are less effective at restoring
                  | your health. [a neqoxec]
 85144 | Depths:1 | Identified the +0 robe "Axiun" {Harm rPois}
 86165 | Depths:1 | Found a glowing silver altar of Zin.
 86303 | Depths:1 | Identified the +8 chain mail of the Hanged Man {Rampage
                  | rElec}
 87065 | Depths:3 | Noticed Rupert
 87075 | Depths:3 | Killed Rupert
 87232 | Depths:3 | Found a one-way gate to the infinite horrors of the Abyss.
 87382 | Depths:3 | Reached skill level 23 in Fighting
 87874 | Depths:3 | Noticed Margery
 87889 | Depths:3 | Killed Margery
 87925 | Depths:3 | Found a one-way gateway to a ziggurat.
 88042 | Depths:4 | Entered Level 4 of the Depths
 88896 | Depths:4 | Noticed Parghit
 88918 | Depths:4 | Killed Parghit
 89214 | Depths:4 | Reached skill level 24 in Fighting
 89604 | Depths:4 | Found a corrupted altar of Lugonu.
 89766 | Depths:4 | Found a gate to the Realm of Zot.
 90496 | Zot:1    | Entered Level 1 of the Realm of Zot
 90556 | Zot:1    | Reached XP level 27. HP: 216/216 MP: 31/53
 91199 | Zot:1    | Reached skill level 25 in Fighting
 92134 | Zot:1    | Noticed an orb of fire
 92172 | Zot:1    | Killed an orb of fire
 93470 | Zot:2    | Reached skill level 26 in Fighting
 94236 | Zot:2    | Reached skill level 1 in Invocations
 95639 | Zot:3    | Found a stormy altar of Qazlal.
 95750 | Zot:3    | Identified the +10 glaive of the Spheres {flame, Str+3
                  | Int+3}
 95832 | Zot:3    | Reached skill level 27 in Fighting
 96175 | Zot:3    | Found the +4 dragonskin cloak
 96175 | Zot:3    | Noticed Tiamat
 96203 | Zot:3    | Killed Tiamat
 97265 | Hell     | Entered the Vestibule of Hell
 97265 | Hell     | Noticed Geryon
 97277 | Hell     | Reached skill level 5 in Invocations
 97498 | Depths:1 | Learned a level 7 spell: Malign Gateway
 97508 | Depths:1 | Learned a level 7 spell: Haunt
 98489 | Hell     | Killed Geryon
 98861 | Hell     | Found a gateway to the decaying netherworld of Tartarus.
 98931 | Hell     | Found a gateway to the ashen valley of Gehenna.
 99085 | Hell     | Found a gateway to the Iron City of Dis.
 99180 | Hell     | Found a gateway to the freezing wastes of Cocytus.
 99399 | D:13     | You paid a toll of a +5 demon blade to enter a treasure
                  | trove
 99400 | Trove    | Entered a treasure trove
 99408 | Trove    | Identified the +0 leather armour of Urchibbo {Dex+3}
 99423 | Trove    | Identified the amulet "Zadghun" {RegenMP *Corrode rElec
                  | Str+2}
 99431 | Trove    | Identified the +13 plate armour "Ulyuxt" {rElec rPois rCorr
                  | Int+2}
 99689 | Geh:1    | Entered Level 1 of Gehenna
 99891 | Geh:1    | You fall into a shaft and drop 1 floor!
101310 | Geh:3    | Lost mutation: Your health recovers twice as slowly from
                  | being drained. [potion of mutation]
101310 | Geh:3    | Lost mutation: Potions are less effective at restoring your
                  | health. [potion of mutation]
101310 | Geh:3    | Gained mutation: You are frail. (-10% HP) [potion of
                  | mutation]
101310 | Geh:3    | Gained mutation: You have hidden genetic defects. [potion
                  | of mutation]
101311 | Geh:3    | Lost mutation: You are clumsy. (Dex -2) [potion of
                  | mutation]
101311 | Geh:3    | Lost mutation: You have hidden genetic defects. [potion of
                  | mutation]
101311 | Geh:3    | Lost mutation: Your flesh is heat resistant. (rF+) [potion
                  | of mutation]
101311 | Geh:3    | Gained mutation: You are clumsy. (Dex -2) [potion of
                  | mutation]
101311 | Geh:3    | Gained mutation: You are weak. (Str -2) [potion of
                  | mutation]
101311 | Geh:3    | Gained mutation: You are somewhat resistant to further
                  | mutation. [potion of mutation]
101312 | Geh:3    | Lost mutation: You are clumsy. (Dex -2) [potion of
                  | mutation]
101312 | Geh:3    | Lost mutation: You have an increased reservoir of magic.
                  | (+10% MP) [potion of mutation]
101312 | Geh:3    | Lost mutation: You are somewhat resistant to further
                  | mutation. [potion of mutation]
101312 | Geh:3    | Gained mutation: [Your body sometimes deteriorates upon
                  | taking damage.] [potion of mutation]
101312 | Geh:3    | Gained mutation: Your health recovers twice as slowly from
                  | being drained. [potion of mutation]
101313 | Geh:3    | Lost mutation: You are frail. (-10% HP) [potion of
                  | mutation]
101313 | Geh:3    | Lost mutation: You are weak. (Str -2) [potion of mutation]
101313 | Geh:3    | Lost mutation: Your health recovers twice as slowly from
                  | being drained. [potion of mutation]
101313 | Geh:3    | Gained mutation: Your system is resistant to poisons.
                  | (rPois) [potion of mutation]
101313 | Geh:3    | Gained mutation: [Your body often deteriorates upon taking
                  | damage.] [potion of mutation]
103967 | Geh:7    | Entered Level 7 of Gehenna
106239 | Geh:7    | Found the +13 sceptre of Asmodeus
106239 | Geh:7    | Noticed Asmodeus
106251 | Geh:7    | Killed Asmodeus
106423 | Geh:7    | Got an obsidian rune of Zot
107154 | Geh:7    | Identified the +6 hand axe of a volcano {freeze, *Rage
                  | Will+ rCorr Dex+4}
107172 | Geh:7    | Identified the ring "Cimi" {rF+ rCorr}
110058 | Zot:4    | Noticed an orb of fire
110467 | Zot:4    | Gained mutation: Potions are less effective at restoring
                  | your health. [an orb of fire]
110481 | Zot:4    | Killed an orb of fire
110866 | Zot:4    | Noticed an orb of fire
110866 | Zot:4    | Gained mutation: You occasionally lose the ability to drink
                  | potions when taking damage. [an orb of fire]
110875 | Zot:4    | Killed an orb of fire
111115 | Zot:4    | Identified the +1 ring mail of Day {rElec Int+2 Dex+2}
111756 | Orc:2    | Bought a potion of mutation for 136 gold pieces
111756 | Orc:2    | Lost mutation: Potions are less effective at restoring your
                  | health. [potion of mutation]
111756 | Orc:2    | Lost mutation: [Your body often deteriorates upon taking
                  | damage.] [potion of mutation]
111756 | Orc:2    | Gained mutation: You are frail. (-10% HP) [potion of
                  | mutation]
111756 | Orc:2    | Gained mutation: Your spells are a little harder to cast,
                  | but a little more powerful. [potion of mutation]
111757 | Orc:2    | Lost mutation: Your spells are a little harder to cast, but
                  | a little more powerful. [potion of mutation]
111757 | Orc:2    | Lost mutation: You occasionally lose the ability to drink
                  | potions when taking damage. [potion of mutation]
111757 | Orc:2    | Gained mutation: You are dopey. (Int -2) [potion of
                  | mutation]
111757 | Orc:2    | Gained mutation: You expend magic power (3 MP) to
                  | strengthen your wands. [potion of mutation]
111758 | Orc:2    | Lost mutation: You expend magic power (3 MP) to strengthen
                  | your wands. [potion of mutation]
111758 | Orc:2    | Lost mutation: Your system is resistant to poisons. (rPois)
                  | [potion of mutation]
111758 | Orc:2    | Lost mutation: [Your body sometimes deteriorates upon
                  | taking damage.] [potion of mutation]
111758 | Orc:2    | Gained mutation: You are partially covered in iridescent
                  | scales. (AC +2) [potion of mutation]
111758 | Orc:2    | Gained mutation: Your flesh is cold resistant. (rC+)
                  | [potion of mutation]
111758 | Orc:2    | Gained mutation: You have a pair of small antennae on your
                  | head. [potion of mutation]
111908 | D:8      | Bought a potion of mutation for 128 gold pieces
111908 | D:8      | Bought a potion of mutation for 128 gold pieces
111908 | D:8      | Lost mutation: Your flesh is cold resistant. (rC+) [potion
                  | of mutation]
111908 | D:8      | Lost mutation: You are dopey. (Int -2) [potion of mutation]
111908 | D:8      | Lost mutation: You are partially covered in iridescent
                  | scales. (AC +2) [potion of mutation]
111908 | D:8      | Gained mutation: You possess an exceptional clarity of
                  | mind. [potion of mutation]
111908 | D:8      | Gained mutation: You are covered in fur. (AC +1) [potion of
                  | mutation]
111910 | D:8      | Lost mutation: You are covered in fur. (AC +1) [potion of
                  | mutation]
111910 | D:8      | Lost mutation: You possess an exceptional clarity of mind.
                  | [potion of mutation]
111910 | D:8      | Lost mutation: You have a pair of small antennae on your
                  | head. [potion of mutation]
111910 | D:8      | Gained mutation: You have sharp toenails. [potion of
                  | mutation]
111910 | D:8      | Gained mutation: You occasionally shout uncontrollably at
                  | your foes. [potion of mutation]
111910 | D:8      | Gained mutation: You have a pair of small antennae on your
                  | head. [potion of mutation]
112091 | Snake:4  | Bought a potion of mutation for 144 gold pieces
112091 | Snake:4  | Lost mutation: You occasionally shout uncontrollably at
                  | your foes. [potion of mutation]
112091 | Snake:4  | Lost mutation: You have a pair of small antennae on your
                  | head. [potion of mutation]
112091 | Snake:4  | Gained mutation: You are partially covered in iridescent
                  | scales. (AC +2) [potion of mutation]
112091 | Snake:4  | Gained mutation: Your magical capacity is low. (-10% MP)
                  | [potion of mutation]
112513 | Tar:1    | Entered Level 1 of Tartarus
113668 | Tar:3    | Noticed an ancient lich
113680 | Tar:3    | Killed an ancient lich
117707 | Hell     | Slain by a doom hound

Illustrated notes

Levels and vault maps discovered:
D:1:      dpeg_arrival_leaves_temple_mockup, layout_basic, serial_shops, shop,
          grunt_decor_one_mirror
D:2:      layout_loops_ring, basic_altar, basic_ecumenical_altar,
          chequers_serial_rivers_micro_c, minivault_4
D:3:      layout_loops_corners, serial_shops, nicolae_shop_industrial_runoff,
          uniq_terence
D:4:      layout_loops_ring, okawaru_ov_weapons_minmay, lemuel_doored_altar,
          portal_sewer_entry_a, gammafunk_ghost_smash, minmay_misc_feat_x,
          uniq_menkaure, uniq_pikel
D:5:      layout_loops_corners, riverfiend_overflow_shadow_ancestor,
          regret_index_xom_of_box
D:6:      layout_rooms, mainiacjoe_overflow_tiny_flanked,
          minmay_temple_entry_drinking_statues, serial_shops,
          nicolae_shop_drivethru
D:7:      layout_loops_cross, mainiacjoe_overflow_brackets, enter_bailey_2
D:8:      layout_loops_ring, david_lair_shrubbed, serial_shops, shop
D:9:      layout_loops_ring, lemuel_zombie_altar_yredelemnul,
          cheibriados_altar_1, grunt_qazlal_clouds,
          nicolae_overflow_crystal_walls, uniq_prince_ribbit1
D:10:     layout_grid_maze, lemuel_mausoleum_altar_kikubaaqudgha, serial_shops,
          nicolae_shop_getting_attention, minmay_misc_feat_chi
D:11:     layout_gridville, minmay_orc_entry_guard_dogs, nicolae_titane,
          uniq_harold
D:12:     layout_grid_maze, ploomutoo_gammafunk_ghost_potion_laboratory,
          uniq_maurice, uniq_sonja, uniq_nergalle, uniq_urug, uniq_jorgrun,
          uniq_gastronok
D:13:     layout_rooms, ximxim_vaults_locker_room, nicolae_trove_entry_crystal,
          portal_ice_cave_entry_imps, minmay_fire_ice_demons
D:14:     layout_loops_corners, gauntlet_entry_generic, patterned_corridor,
          nicolae_shop_distant_corner_stores, uniq_frances
D:15:     grunt_enter_depths_hoard, layout_long_grid, tso_metal_star,
          serial_shops, shop
Temple:   hellmonk_temple_rainy
Lair:1:   layout_small_grid
Lair:2:   layout_regular_city, skrybe_swamp_entry_bodies,
          alex1729_snake_entry_snake
Lair:3:   layout_chaotic_city, grunt_megastairs_4
Lair:4:   layout_loops_ring, dpeg_slime_entry_enclosed, roderic_carrion_pond,
          lemuel_fruit_tree
Lair:5:   hangedman_lair_tendril_chambers, layout_layer_cave, fungi_pond_lemuel,
          serial_bayou_pond_b
Swamp:1:  nicolae_swamp_secret_spriggan_hideout, layout_basic_swamp,
          hangedman_swamp_ruin_wall, nicolae_swamp_long_stream
Swamp:2:  layout_falls_marsh, gammafunk_ghost_hydra_chop,
          nicolae_swamp_rocky_clearing, swamp_pool_4
Swamp:3:  layout_falls_marsh, evilmike_swamp_ruin_house_6
Swamp:4:  swamp_fiery, layout_basic_swamp
Snake:1:  layout_chambers
Snake:2:  layout_chambers, nicolae_triple_integral, uniq_aizul, uniq_saint_roka
Snake:3:  layout_misc_corridors, serial_bayou_shore_a, grunt_megastairs_5
Snake:4:  grunt_snake_rune_serpentine_throne, layout_gridlike,
          grunt_megastairs_1, minmay_shoptagon, uniq_vashnia, uniq_agnes
Slime:1:  layout_caves
Slime:2:  layout_caves
Slime:3:  layout_caves
Slime:4:  layout_caves, cheibrodos_slime_lost_civilization_7
Slime:5:  slime_pit_nicolae_block_by_block, uniq_dissolution
Orc:1:    layout_caves
Orc:2:    st_orc_congregation, layout_caves, serial_shops, shop
Elf:1:    layout_loops_cross, minivault_28
Elf:2:    elven_hall_of_blades_hangedman_alternative
          [nicolae_blade_entry_diamond_columns], layout_gridlike, serial_sigils,
          serial_sigils_hangedman_gut, serial_sigils_hangedman_shear,
          serial_sigils_hangedman_confine, serial_sigils_hangedman_gut
Elf:3:    grunt_elf_hall_asides, layout_gridlike, gammafunk_ghost_split,
          basic_altar, serial_shops, shop, uniq_bai_suzhen
Vaults:1: nicolae_vaults_spaceships, grunt_vaults_funnel, v_misc_16,
          nicolae_vaults_tetromino_L_1, hangedman_vaults_impose,
          vaults_dpeg_ring, nicolae_vaults_murder_corner,
          layout_vaults_omnigrid, serial_shops, nicolae_shop_statue_plus, shop,
          shop, nicolae_shop_gaudy_bauble, uniq_boris
Vaults:2: v_misc_28, minmay_crypt_entry_simple_box,
          vaults_mumra_minichess_inversion, v_alt_pattern_2, vaults_room_grid,
          nicolae_vaults_stand_back, grunt_vaults_hallway_long,
          nicolae_vaults_diagonal_hallway_8, v_misc_2, v_misc_13,
          layout_vaults_omnicross, serial_shops, bzr_entry_islet, uniq_sojobo
Vaults:3: hangedman_vaults_stitches, nicolae_vaults_puzzle_piece,
          nicolae_vaults_border_crossing, nicolae_vaults_offset_grid_hallway_1,
          nicolae_vaults_apartment_1, nicolae_vaults_tetromino_T_2,
          vaults_dpeg_encased_lava, nicolae_vaults_little_squares_5,
          nicolae_vaults_storage_room_statues, nicolae_vaults_tetromino_T_1,
          serial_library_hellmonk_open_square, ontoclasm_vaults_twist,
          layout_vaults_big_room
Vaults:4: gammafunk_ghost_spectres, nicolae_vaults_shrinking_rooms_1,
          hangedman_vaults_hat, nicolae_vaults_diagonal_hallway_8,
          vaults_standard_mumra_lines, ontoclasm_vaults_ring_square, v_misc_9,
          nicolae_vaults_doubleplus_tesselated, nicolae_vaults_alarming,
          ontoclasm_vaults_gateway, ontoclasm_vaults_decontamination,
          nicolae_vaults_shipping_containers_5, layout_vaults_omnibox
Vaults:5
Crypt:1:  layout_regular_city
Crypt:2:  layout_chaotic_city, nicolae_crypt_vampire_mansion
Crypt:3:  church_of_pain_bobbens, layout_chaotic_city
Tomb:1
Depths:1: layout_cave_shapes, minmay_misc_feat_hallway, mu_enter_wizlab_4,
          grunt_hell_entry_demonic_statue, hangedman_decor_slide_cut,
          grunt_ministairs_12, nicolae_twisting_strands,
          hangedman_abyss_or_decor_stagger, zin_statuary
Depths:2: evilmike_library_of_no_secrets, layout_basic, pan_entry, hell_entry,
          nrook_uturn, nicolae_ashenzari_panopticon,
          infiniplex_staircase_pool_lava, uniq_asterion
Depths:3: minmay_inside_and_out, layout_cave_pools, enter_ziggurat_e,
          ebering_dispersal_statue_hall, serial_column_ruins,
          column_ruins_portal_island, column_ruins_hut, column_ruins_hut,
          column_ruins_grid_3, column_ruins_columns_corner,
          column_ruins_columns_straight, column_ruins_open_small,
          column_ruins_open_tiny, column_ruins_open_small,
          rand_demon_pan_entry_3, grunt_hell_entry_dis_mu, abyss_entry,
          sword_in_stone, uniq_margery
Depths:4: grunt_zot_entry_gee_three, layout_basic,
          hangedman_abyss_or_decor_stabs, abyss_entry_flame_altar,
          rand_demon_pan_entry_4, hell_entry, uniq_parghit
Hell
Geh:1:    layout_gehenna_pools_basic
Geh:2:    layout_gehenna_pools_triple
Geh:3:    layout_gehenna_lava_caves
Geh:4:    layout_gehenna_pools_basic
Geh:5:    layout_gehenna_pools_basic
Geh:6:    layout_gehenna_lava_caves
Geh:7:    evilmike_geh
Tar:1:    layout_cathedral_of_symmetry, nicolae_hells_seeping_fissure
Tar:2:    layout_catacombs, nicolae_tar_cuneiform_not
Tar:3:    layout_grid_maze, nicolae_tar_cuneiform_oil
Tar:4:    layout_grid_maze
Tar:5:    layout_catacombs
Zot:1:    layout_gridlike, regret_index_zotdec_ex
Zot:2:    kennysheep_blocky_room, layout_misc_corridors, skrybe_zot_glass_2,
          hangedman_elemental_corridor
Zot:3:    layout_basic, basic_altar, regret_index_zotdec_zees, drop_trap,
          uniq_tiamat
Zot:4:    nicolae_moth_party, layout_twisted_circle,
          hangedman_zot_decor_scrapings, hangedman_zot_decor_unnerving_road

Skill      XL: |  1  2  3  4  5  6  7  8  9 10 11 12 13 14 15 16 17 18 19 20 21 22 23 24 25 26 27 |
---------------+----------------------------------------------------------------------------------+-----
Summonings     | 5 6 7 9 10 12 14 15 17 18 19 20 21 22 23 25 | 25.9
Spellcasting   | 3 4 5 6 7 8 9 11 13 14 15 16 17 19 21 23 | 23.4
Armour         | 1 2 3 5 6 7 9 11 12 16 18 24 | 24.8
Fighting       | 2 6 9 10 12 16 19 20 21 22 24 27 | 27.0
Dodging        | 3 6 9 11 13 15 17 18 19 20 21 23 25 | 25.2
Long Blades    | 6 9 12 14 15 | 15.0
Shields        | 7 11 13 15 | 15.8
Invocations    | 7 |  7.3
Stealth        | |  1.7

Action                     |  1- 3 |  4- 6 |  7- 9 | 10-12 | 13-15 | 16-18 | 19-21 | 22-24 | 25-27 || total
---------------------------+-------+-------+-------+-------+-------+-------+-------+-------+-------++-------
  Melee: Unarmed           |    13 |       |       |       |       |       |       |       |       ||    13
         Spear             |    75 |    86 |   208 |   285 |       |       |       |       |       ||   654
         Punch             |       |       |     4 |     7 |    10 |     1 |       |       |       ||    22
         Scimitar          |       |       |       |    70 |   651 |   619 |   544 |   733 |   867 ||  3484
         Eveningstar       |       |       |       |       |       |       |       |       |    49 ||    49
   Cast: Summon Small Mamm |     9 |     3 |    19 |    25 |     1 |     3 |       |       |       ||    60
         Call Canine Famil |     2 |     8 |    28 |    58 |    53 |    15 |     1 |     3 |     1 ||   169
         Call Imp          |     2 |     6 |    22 |    44 |    20 |     7 |       |       |       ||   101
         Summon Lightning  |       |       |     2 |    69 |    77 |    51 |    32 |     9 |    13 ||   253
         Summon Cactus Gia |       |       |       |       |    74 |    92 |    66 |    43 |   130 ||   405
         Summon Forest     |       |       |       |       |    13 |    12 |     6 |       |     4 ||    35
         Summon Mana Viper |       |       |       |       |     4 |     6 |     4 |     2 |     5 ||    21
         Monstrous Menager |       |       |       |       |       |    95 |   166 |   151 |   239 ||   651
         Summon Horrible T |       |       |       |       |       |     8 |    33 |    66 |   105 ||   212
         Martyr's Knell    |       |       |       |       |       |       |       |    20 |    18 ||    38
         Dragon's Call     |       |       |       |       |       |       |       |     6 |    48 ||    54
         Malign Gateway    |       |       |       |       |       |       |       |       |     2 ||     2
         Haunt             |       |       |       |       |       |       |       |       |     1 ||     1
 Invoke: Recall Ancestor   |       |       |       |       |       |       |     1 |     2 |     9 ||    12
         Ancestor Life: Kn |       |       |       |       |       |       |     1 |       |       ||     1
         Idealise          |       |       |       |       |       |       |       |       |    11 ||    11
Ability: Hop               |       |       |     3 |    10 |     7 |     5 |     4 |     3 |    11 ||    43
    Use: Scroll            |       |       |     5 |     5 |    11 |    14 |     4 |     4 |     6 ||    49
         Potion            |       |       |       |     4 |     2 |     4 |       |     5 |    40 ||    55
   Stab: Sleeping          |     8 |     6 |     3 |       |       |       |       |     1 |       ||    18
         Distracted        |       |     2 |     3 |     8 |     8 |    16 |    18 |    24 |    32 ||   111
         Paralysed         |       |       |       |       |       |     1 |     1 |       |     3 ||     5
         Confused          |       |       |       |       |       |       |     1 |     1 |       ||     2
 Armour: Robe              |    57 |     5 |       |       |       |       |       |       |       ||    62
         Ring mail         |       |    91 |   231 |   638 |   622 |   684 |   553 |   516 |  1243 ||  4578
         Chain mail        |       |       |       |       |       |       |       |       |    16 ||    16
  Dodge: Dodged            |    77 |    69 |   180 |   519 |   806 |   430 |   389 |   441 |  1083 ||  3994
  Block: Kite shield       |       |       |       |       |       |   437 |   467 |    27 |   298 ||  1229
         Buckler           |       |       |       |       |       |       |       |   333 |   410 ||   743
